 Dungeon Crawl Stone Soup version 0.28.0-45-g0d030f2227 (webtiles) character file.

Game seed: 13905005249500190351

50 issech the Cudgeller (level 3, -5/37 HPs)
             Began as a Troll Monk on Apr 24, 2022.
             Succumbed to Crazy Yiuf's poison
             ... on level 3 of the Dungeon.
             The game lasted 00:05:33 (2258 turns).

issech the Cudgeller (Troll Monk)                   Turns: 2258, Time: 00:05:34

Health: -5/37      AC:  4    Str: 19    XL:     3   Next: 55%
Magic:  2/2        EV: 10    Int:  6    God:
Gold:   163        SH:  0    Dex: 14    Spells: 2/2 levels left

rFire   . . .      SeeInvis .   s - +0 flail
rCold   . . .      Faith    .   (no shield)
rNeg    . . .      Spirit   .   b - +0 robe
rPois   .          Reflect  .   (helmet restricted)
rElec   .          Harm     .   (no cloak)
rCorr   .          Rampage  .   (gloves unavailable)
Will    .....                   (boots unavailable)
Stlth   ++........              (no amulet)
HPRegen 0.92/turn               (no ring)
MPRegen 0.08/turn               (no ring)

@: lethally poisoned (-5 -> -32)
A: large, unfitting armour, claws 3, regeneration 1, shaggy fur 1, tough skin 1
a: no special abilities


You were on level 3 of the Dungeon.
You visited 1 branch of the dungeon, and saw 3 of its levels.

You collected 163 gold pieces.

Inventory:

Hand Weapons
 a - a +0 mace
 s - a +0 flail (weapon)
Missiles
 e - 64 stones (quivered)
 h - 22 bolts
 l - 28 sling bullets
Armour
 b - a +0 robe (worn)
Wands
 r - a wand of acid (9)
Scrolls
 c - a scroll of immolation {unknown}
 g - 2 scrolls of identify {unknown}
 i - a scroll of summoning {unknown}
 j - a scroll of amnesia {unknown}
 k - a scroll of acquirement {unknown}
 n - a scroll of fog {unknown}
 o - a scroll of enchant armour {unknown}
 p - a scroll of silence {unknown}
 q - 2 scrolls of vulnerability {unknown}
Potions
 d - 5 potions of curing {unknown}
 f - a potion of brilliance {unknown}
 m - a potion of heal wounds {unknown}


   Skills:
 + Level 3.0 Fighting
 + Level 3.2 Maces & Flails
 + Level 2.8 Dodging
 + Level 1.1 Stealth


You had 2 spell levels left.
You didn't know any spells.
Your spell library was empty.

Dungeon Overview and Level Annotations

Branches:
Dungeon (3/15)

Altars:
Wu Jian

Annotations:
D:3 Crazy Yiuf


Innate Abilities, Weirdness & Mutations

You are too large for most types of armour.
You have claws for hands.
Your natural rate of healing is unusually fast.
You are covered in fur. (AC +1)
You have tough skin. (AC +1)


Message History

The bat moves out of view.
The bat hits you but does no damage. The bat barely misses you.
You miss the bat. The bat barely misses you. The bat closely misses you.
You barely miss the bat. The bat barely misses you.
The bat hits you but does no damage. The bat hits you but does no damage.
The bat closely misses you. The bat hits you but does no damage. x2
You hit the bat but do no damage. The bat hits you but does no damage.
The bat barely misses you.
You thump the bat!
You kill the bat!
There is a stone staircase leading down here.
There is a stone staircase leading down here.
As you open the door, it creaks loudly!
Crazy Yiuf says, "Liver!"
Crazy Yiuf waves his quarterstaff at you.
Crazy Yiuf says, "Trifle!
Liver illywillydillykilly bag."
Crazy Yiuf grits, "Fluff dark head!"
Crazy Yiuf says, "Powder!
Castle noodlescoop pontify."
Crazy Yiuf grits, "Cake blue turtle!"
You throw a stone.
The stone hits Crazy Yiuf but does no damage.
You hit Crazy Yiuf. You claw Crazy Yiuf, but do no damage.
Crazy Yiuf is lightly wounded.
Crazy Yiuf barely misses you.
You barely miss Crazy Yiuf.
Crazy Yiuf is lightly wounded.
Crazy Yiuf hits you with a +3 quarterstaff of chaos!
You are poisoned.
Crazy Yiuf hits you with a +3 quarterstaff of chaos.
You are lethally poisoned!
You closely miss Crazy Yiuf.
Crazy Yiuf is lightly wounded.
You feel extremely sick.
Crazy Yiuf hits you with a +3 quarterstaff of chaos!
* * * LOW HITPOINT WARNING * * *
You are more poisoned.
You die...

.....#
#.....####...#
#.#.##
########.....#
#...# #.#...#
###.########
#.#####
#........# #.#
#..#####># #.#
#..#####.## #.#
#.........#####.#
##.#####...(g.@.#
#.#####.########
#.......#
#########


You could see Crazy Yiuf.

Vanquished Creatures
  An adder (D:3)
  A dart slug (D:3)
  9 bats
  3 endoplasms
  A giant cockroach (D:1)
  3 goblins
  5 kobolds
  2 quokkas (D:2)
  5 ball pythons
  4 frilled lizards
  3 rats
37 creatures vanquished.

Notes
Turn   | Place    | Note
-------+----------+-------------------------------------------
     0 | D:1      | issech the Troll Monk began the quest for the Orb.
     0 | D:1      | Reached XP level 1. HP: 22/22 MP: 0/0
   175 | D:1      | You fall into a shaft and drop 1 floor!
   208 | D:2      | Reached XP level 2. HP: 26/29 MP: 1/1
  1200 | D:2      | Reached XP level 3. HP: 36/36 MP: 2/2
  1663 | D:3      | Found an ornate altar of the Wu Jian Council.
  1866 | D:3      | Found a runed translucent door.
  1867 | D:3      | Noticed Crazy Yiuf
  2258 | D:3      | Succumbed to Crazy Yiuf's poison

Illustrated notes

Levels and vault maps discovered:
D:1:      sevenhm_arrival_forest_fort_small_3, layout_loops_ring, hex_large
D:2:      layout_basic
D:3:      layout_loops_cross, overflow_temple_1_default, solitary_fountain,
          bh_walls_and_bars, uniq_crazy_yiuf_cottage

Skill      XL: |  1  2  3 |
---------------+----------+-----
Maces & Flails | 3 |  3.2
Fighting       | 3 |  3.0
Dodging        | |  2.8
Stealth        | |  1.1

Action                   || total
-------------------------++-------
Melee: Mace              ||   105
       Flail             ||    10
       Punch             ||     1
Throw: Stone             ||     1
 Stab: Sleeping          ||     1
Armor: Robe              ||    62
Dodge: Dodged            ||    92
